Map: Shrines of Lizul

Players

ElectronSpin

  • Race: Terran Terran
  • Spawn Location: 12:00

elegans

  • Race: Protoss Protoss
  • Spawn Location: 3:00

MonstroTown - Winner!

  • Race: Terran Terran
  • Spawn Location: 9:00

Michael - Winner!

  • Race: Zerg Zerg
  • Spawn Location: 6:00

VOD

Have the link to the VOD?

Description

Time

  • Played on: Sept. 1, 2018, 12:14 a.m.
  • Length: 9:23
Show
View Real Time Build Order
Export as new Build Order

ElectronSpin Terran 

Build Orders:  

Get SALT Encoding   

  12  0:02  SCV  
  13  0:15  SCV  
  14  0:25  Supply Depot  
  14  0:32  SCV  
  15  0:46  SCV  
  16  0:50  Barracks  
  16  0:59  Supply Depot  
  16  1:01  SCV, Refinery  
  17  1:11  Refinery  
  17  1:13  SCV  
  19  1:25  SCV  
  19  1:37  SCV  
  20  1:42  Barracks  
  20  1:49  SCV, Barracks Reactor  
  21  2:02  SCV  
  22  2:14  SCV  
  23  2:26  SCV  
  24  2:33  Marine x2  
  24  2:36  Barracks Tech Lab  
  26  2:42  Factory  
  26  2:50  Orbital Command  
  26  2:51  Marine x2  
  28  2:59  Marauder  
  28  3:00  Concussive Shells  
  30  3:09  Marine  
  31  3:16  Supply Depot  
  31  3:26  Factory Tech Lab  
  31  3:37  Marauder, Marine x2  
  31  3:39  Supply Depot  
  35  3:43  Stimpack  
  35  3:47  Siege Tank  
  38  3:55  Marine  
  39  4:00  Marine  
  39  4:02  Supply Depot  
  40  4:06  Marauder  
  40  4:09  SCV  
  43  4:14  Marine  
  44  4:25  Supply Depot  
  44  4:49  Command Center  
  31  5:11  Marine  
  31  5:12  Marine  
  31  5:13  Marauder  
  32  5:14  Siege Tank  
  35  5:32  SCV  
  35  5:34  Marauder, Marine x2  
  40  5:44  SCV  
  40  5:46  Siege Tank  
  44  5:50  Armory  
  44  5:54  Marine x2  
  44  5:56  SCV, Marauder  
  49  6:08  Starport  
  49  6:12  Marine x2  
  49  6:49  SCV x2  
  51  7:01  SCV x2  
  53  7:15  Viking  
  55  7:16  Siege Tank  
  55  7:20  SCV x2  
  53  7:32  SCV  
  53  7:33  SCV  
  48  8:23  Marine x2  
  48  8:25  Marauder  
  49  8:41  Marine x2  
  51  8:46  Marauder  
  55  8:51  SCV x2  
  45  9:03  SCV x2  
Show
View Real Time Build Order
Export as new Build Order

elegans Protoss 

Build Orders: Colossus Rush 

Get SALT Encoding   

  12  0:02  Probe  
  13  0:19  Pylon  
  13  0:25  Probe  
  13  0:28  Assimilator  
  14  0:39  Gateway  
  14  0:41  Probe  
  15  0:49  Probe  
  16  0:57  Probe  
  17  1:09  Probe  
  18  1:17  Forge  
  18  1:21  Probe  
  19  1:28  Zealot  
  21  1:37  Pylon  
  21  1:45  Probe  
  22  1:48  Assimilator  
  22  1:55  Photon Cannon  
  22  2:04  Cybernetics Core  
  22  2:34  Gateway  
  22  2:42  Gateway  
  22  2:43  Protoss Ground Weapons Level 1  
  22  2:45  Warp Gate  
  22  2:53  Probe  
  23  3:01  Pylon  
  23  3:05  Stalker  
  25  3:22  Robotics Facility  
  25  3:26  Stalker  
  27  3:28  Stalker  
  29  3:40  Pylon  
  29  3:53  Probe  
  30  4:09  Zealot  
  32  4:11  Immortal  
  36  4:17  Sentry  
  36  4:20  Sentry  
  40  4:25  Probe  
  41  4:42  Pylon  
  41  4:47  Robotics Bay  
  33  5:16  Warp Prism  
  35  5:34  Nexus  
  35  5:38  Pylon  
  35  5:41  Stalker  
  37  5:57  Colossus  
  43  6:25  Stalker x2  
  45  6:26  Stalker  
  49  6:35  Twilight Council  
  49  6:43  Colossus  
  55  7:06  Photon Cannon  
  55  7:08  Probe  
  56  7:25  Pylon  
  50  7:43  Zealot  
  50  7:44  Zealot  
  50  7:45  Zealot  
  54  8:28  Stalker x2  
  54  8:29  Stalker  
  60  8:38  Probe  
  60  8:40  Probe  
  58  8:50  Photon Cannon, Probe  
  58  8:52  Photon Cannon, Probe  
  56  8:55  Assimilator  
  56  9:01  Assimilator  
  56  9:02  Probe  
  56  9:03  Pylon  
Show
View Real Time Build Order
Export as new Build Order

MonstroTown Terran - Winner!

Build Orders: Cyclone Opening, MMM Bio 

Get SALT Encoding   

  12  0:01  SCV  
  13  0:13  SCV  
  14  0:18  Supply Depot  
  14  0:25  SCV  
  15  0:30  Refinery  
  15  0:39  SCV  
  16  0:46  Barracks  
  16  0:51  SCV  
  17  0:58  Refinery  
  17  1:04  SCV  
  18  1:16  SCV  
  19  1:28  SCV  
  20  1:34  Reaper  
  21  1:42  Orbital Command  
  21  1:43  Factory  
  21  2:03  Supply Depot  
  21  2:07  Barracks Reactor  
  21  2:09  SCV  
  22  2:22  SCV  
  22  2:41  Barracks, Starport  
  21  2:50  SCV  
  22  2:52  Barracks Reactor  
  22  2:54  Cyclone  
  22  2:56  Cyclone  
  28  3:02  SCV  
  29  3:17  SCV  
  30  3:27  Cyclone  
  30  3:30  Cyclone  
  30  3:31  Marine x2  
  30  3:33  Barracks Tech Lab  
  38  4:01  Supply Depot x2  
  38  4:16  Marine  
  39  4:22  Medivac, Marine  
  42  4:24  Stimpack  
  42  4:30  Marine  
  36  5:09  Cyclone x2  
  36  5:10  Marine  
  36  5:11  Marauder, Marine  
  46  5:24  Viking  
  46  5:27  SCV  
  49  5:30  Command Center  
  49  5:33  Engineering Bay  
  49  5:35  Supply Depot  
  49  5:39  SCV  
  50  5:54  Marine x2  
  50  5:55  Marine  
  53  5:57  Cyclone x2  
  53  6:02  Medivac  
  61  6:24  Marine x2  
  61  6:25  Marine  
  63  6:42  Cyclone x2  
  69  6:48  Supply Depot  
  69  6:49  Supply Depot  
  69  6:50  Orbital Command  
  68  7:15  Marine x2  
  68  7:16  Marauder  
  68  7:19  Combat Shields  
  68  7:21  SCV x2  
  65  7:33  SCV  
  66  7:40  Viking  
  66  7:43  Widow Mine x2  
  62  8:18  SCV  
  62  8:19  SCV  
  62  8:27  Cyclone  
  62  8:28  Viking  
  62  8:30  Marine x3  
  62  8:31  SCV  
  50  8:57  Marine x2  
Show
View Real Time Build Order
Export as new Build Order

Michael Zerg - Winner!

Build Orders: Hatch First 

Get SALT Encoding   

  12  0:01  Drone  
  13  0:13  Overlord  
  13  0:18  Drone  
  14  0:31  Drone x2  
  14  0:35  Drone  
  17  0:45  Drone  
  18  0:58  Hatchery  
  18  1:00  Drone  
  18  1:07  Drone  
  18  1:10  Extractor  
  18  1:19  Spawning Pool  
  18  1:21  Drone  
  18  1:28  Drone  
  19  1:39  Drone  
  20  1:50  Overlord  
  20  2:05  Queen  
  22  2:10  Queen  
  22  2:12  Metabolic Boost  
  22  2:14  Zergling x4  
  22  2:15  Zergling x2  
  26  2:24  Drone x2  
  28  2:31  Drone  
  28  2:33  Drone  
  30  2:50  Hatchery  
  29  3:02  Drone x4  
  33  3:11  Roach Warren  
  32  3:17  Lair  
  32  3:20  Extractor, Drone  
  32  3:23  Drone  
  32  3:27  Drone  
  34  3:29  Drone  
  34  3:32  Drone  
  36  3:36  Overlord  
  36  3:42  Overlord  
  36  3:54  Queen  
  36  3:55  Overlord  
  38  3:59  Drone x2  
  38  4:01  Drone  
  41  4:04  Drone  
  41  4:05  Drone  
  41  4:08  Drone  
  44  4:14  Queen  
  46  4:20  Glial Reconstitution  
  46  4:26  Roach  
  46  4:27  Evolution Chamber  
  46  4:29  Roach  
  49  4:32  Roach  
  49  4:36  Roach  
  53  4:39  Roach  
  53  4:41  Zergling x2  
  53  4:43  Zergling x2  
  53  4:44  Zergling x2  
  57  4:57  Roach x4  
  58  5:00  Zergling x4  
  57  5:11  Drone x2  
  58  5:22  Spore Crawler  
  58  5:24  Spore Crawler x2  
  58  5:26  Spine Crawler  
  58  5:27  Spine Crawler x2  
  52  5:29  Spore Crawler  
  52  5:30  Drone  
  52  5:32  Drone  
  52  5:35  Drone  
  54  5:37  Drone  
  55  5:45  Zerg Ground Armor Level 1  
  55  5:51  Drone x2  
  55  5:52  Drone  
  55  5:54  Drone  
  55  5:56  Drone  
  60  5:57  Drone  
  60  6:00  Drone  
  60  6:02  Drone  
  49  6:39  Spire  
  48  6:40  Extractor x2  
  48  6:46  Drone x3  
  49  6:47  Drone x2  
  49  6:48  Drone  
  49  6:54  Hydralisk Den  
  51  6:55  Spore Crawler  
  51  6:56  Spore Crawler  
  51  6:59  Spore Crawler  
  48  7:03  Drone  
  48  7:04  Drone x5  
  48  7:07  Spore Crawler  
  53  7:10  Extractor, Spine Crawler x2  
  53  7:11  Extractor, Queen  
  53  7:13  Drone x5  
  53  7:15  Drone  
  57  7:16  Drone  
  57  7:19  Drone  
  57  7:20  Drone  
  57  7:21  Drone x3  
  63  7:26  Hydralisk  
  63  7:28  Overlord  
  63  7:29  Overlord  
  65  7:33  Overlord  
  65  7:37  Overlord  
  65  7:43  Overlord  
  65  7:53  Mutalisk x4  
  65  7:54  Mutalisk  
  65  7:57  Mutalisk  
  77  8:00  Mutalisk  
  77  8:03  Mutalisk  
  81  8:10  Mutalisk x2  
  81  8:11  Mutalisk  
  87  8:14  Mutalisk  
  89  8:29  Mutalisk x2  
  89  8:30  Mutalisk  
  89  8:31  Mutalisk  
  97  8:37  Zergling x2  
  97  8:39  Overlord x4  
  96  8:54  Mutalisk  
Tags
 
Add a new tag
Caveats
  • Supply blocks, unpowered buildings, or Contaminate may cause inaccurate times.
  • Supply counts are checked every 10 seconds.